 Dungeon Crawl Stone Soup version 0.30.1-3-gfc49f6343a (webtiles) character file.

Game seed: 17986839862345523026

687 growler the Gusty (level 7, -5/36 HPs)
             Began as a Tengu Air Elementalist on July 25, 2023.
             Was an Initiate of Sif Muna.
             Killed from afar by an orc wizard (8 damage)
             ... with a magic dart
             ... on level 4 of the Dungeon.
             The game lasted 00:09:38 (4510 turns).

growler the Gusty (Tengu Air Elementalist)          Turns: 4510, Time: 00:09:39

Health: -5/36      AC:  2    Str:  8    XL:     7   Next: 62%
Magic:  10/14      EV: 14    Int: 18    God:    Sif Muna [......]
Gold:   211        SH:  0    Dex: 14    Spells: 5/15 levels left

rFire   . . .        r - +2 whip (elec)
rCold   . . .        (no shield)
rNeg    . . .        a - +0 robe
rPois   .            (helmet restricted)
rElec   .            (no cloak)
rCorr   .            (no gloves)
SInv    .            (boots unavailable)
Will    .....        (no amulet)
Stlth   ++           (no ring)
HPRegen 0.26/turn    (no ring)
MPRegen 0.14/turn

%: no passive effects
@: flying quickly and evasively, quick
A: beak, talons 3, nimble flight
a: Renounce Religion


You were on level 4 of the Dungeon.
You worshipped Sif Muna.
Sif Muna was noncommittal.
You visited 1 branch of the dungeon, and saw 5 of its levels.

You collected 211 gold pieces.

Inventory:

Hand Weapons
 e - a +1 dagger of speed
 r - a +2 whip of electrocution (weapon)
Armour
 a - a +0 robe (worn)
Jewellery
 k - an amulet of guardian spirit
Wands
 j - a wand of flame (48)
Scrolls
 d - 4 scrolls of identify {unknown}
 g - a scroll of enchant armour {unknown}
 i - 2 scrolls of teleportation {unknown}
 m - a scroll of immolation {unknown}
 n - a scroll of poison {unknown}
 p - 2 scrolls of butterflies {unknown}
 q - a scroll of fog {unknown}
 s - a scroll of fear {unknown}
 t - a scroll of acquirement {unknown}
 u - a scroll of vulnerability {unknown}
Potions
 b - 3 potions of magic
 c - 3 potions of ambrosia {unknown}
 f - a potion of might {unknown}
 h - 4 potions of curing {unknown}
 l - a potion of attraction {unknown}
 o - a potion of berserk rage {unknown}


   Skills:
 - Level 2.1 Dodging
 - Level 2.0 Stealth
 + Level 4.5 Spellcasting
 + Level 5.9 Conjurations
 + Level 7.2 Air Magic
 + Level 1.1 Invocations


You had 5 spell levels left.
You knew the following spells:

 Your Spells              Type           Power      Damage    Failure   Level
a - Shock                 Conj/Air       100%       1d9       1%          1
b - Static Discharge      Conj/Air       54%        2-5/arc   1%          2
c - Swiftness             Air            30%        N/A       2%          3
d - Airstrike             Air            15%        2d(3-19)  7%          4

Your spell library contained the following spells:

 Spells                   Type           Power      Damage    Failure   Level
 Sandblast                Erth           8%         2d5       14%         1
 Summon Lightning Spire   Summ/Air       17%        N/A       30%         4
 Frozen Ramparts          Ice            8%         1d2       38%         3
 Ice Form                 Ice/Tmut       4%         N/A       80%         4
 Summon Ice Beast         Ice/Summ       4%         N/A       80%         4
 Storm Form               Tmut/Air       8%         N/A       100%        7
 Maxwell's Capacitive Co  Air            15%        ∞         100%        8


Dungeon Overview and Level Annotations

Branches:
Dungeon (5/15)
 Temple: D:4-7

Altars:
Cheibriados
Fedhas
Kikubaaqudgha
Sif Muna

Annotations:
D:2 1 runed translucent door, Crazy Yiuf


Innate Abilities, Weirdness & Mutations

You have a beak for a mouth.
You have claws for feet.
Your magical nature lets you fly swiftly and evasively.


Message History

Magic restored.
You reach down and open the door.
There is an open door here.
u - a scroll labelled SEAFE TUEC You reach down and open the door.
There is an open door here.
An orc comes into view. It is wielding a +0 hand axe.
The zap hits the orc.
The orc is lightly wounded.
The orc shouts!
You hear a shout!
The zap hits the orc!
You kill the orc!
Sif Muna accepts your kill.
An orc comes into view. It is wielding a +0 club.
An orc wizard comes into view. It is wielding a +0 dagger.
The zap hits the orc wizard.
The orc wizard is moderately wounded.
The orc shouts!
You hear a shout!
The orc wizard points at you and mumbles some strange words.
The puff of flame hits you!
The zap misses the orc.
An orc priest comes into view. It is wielding a +0 mace.
The zap hits the orc!
The orc is almost dead.
The zap misses the orc priest.
The orc priest shouts!
The zap hits the orc.
You kill the orc!
Sif Muna accepts your kill.
The zap misses the orc priest.
The orc priest mumbles some strange prayers to Beogh against you.
Beogh smites you!
You are too injured to fight recklessly!
The orc priest invokes the aid of Beogh against you.
Beogh smites you!
* * * LOW HITPOINT WARNING * * *
There is an open door here.
The orc wizard casts a spell at you. The magic dart hits you!
You die...

#....#........#......<#
#....#........#.......+ ...
#....#........#.......#
.).####....####.# #.#.......####
...o..........#.###.##+##.......
...)..........#..#......#)......
..............#..#......#)......
..............#..#......'.......
..............#@.'......#)......
.........o....'..#......#.......
..............##.########..<....
##########.....#####...#....####
#.....#.......#....#...
#.....#.......#....#...
##########.....#..##..##..†.#..#
.......#.#######..##..#....##..#
.......#...#..........#....#....


You could see an orc wizard.

Vanquished Creatures
  Grinder (D:3)
  A black bear (D:3)
  A jelly (D:4)
  A gnoll bouda (D:4)
  Terence (D:2)
  4 orc wizards
  A mummy (D:4)
  Robin (D:2)
  3 gnolls (D:4)
  7 adders
  A worm (D:3)
  A dart slug (D:1)
  7 orcs
  3 bats
  5 endoplasms
  2 giant cockroaches
  12 goblins
  9 hobgoblins
  12 jackals
  A quokka (D:4)
  8 ball pythons
  2 frilled lizards
  6 kobolds
  4 rats
94 creatures vanquished.

Notes
Turn   | Place    | Note
-------+----------+-------------------------------------------
     0 | D:1      | growler the Tengu Air Elementalist began the quest for the
                  | Orb.
     0 | D:1      | Reached XP level 1. HP: 10/10 MP: 4/4
   321 | D:1      | Reached XP level 2. HP: 15/15 MP: 0/6
   324 | D:1      | Learned a level 2 spell: Static Discharge
   511 | D:1      | Found a faded altar of an unknown god.
   931 | D:2      | Reached XP level 3. HP: 19/19 MP: 2/7
  1302 | D:2      | Noticed Robin
  1314 | D:2      | Killed Robin
  1315 | D:2      | Reached XP level 4. HP: 22/24 MP: 0/9
  1527 | D:2      | Reached skill level 5 in Air Magic
  1624 | D:2      | Learned a level 3 spell: Swiftness
  1657 | D:2      | Found a runed translucent door.
  1658 | D:2      | Noticed Crazy Yiuf
  1806 | D:2      | Noticed Terence
  1816 | D:2      | Killed Terence
  2076 | D:2      | Found an ancient bone altar of Kikubaaqudgha.
  2118 | D:2      | Gained mutation: Your magical nature lets you fly swiftly
                  | and evasively. [Tengu growth]
  2118 | D:2      | Reached XP level 5. HP: 28/28 MP: 5/10
  2123 | D:2      | Learned a level 4 spell: Airstrike
  2664 | D:3      | Noticed Grinder
  2682 | D:3      | Killed Grinder
  2683 | D:3      | Reached skill level 6 in Air Magic
  2683 | D:3      | Reached XP level 6. HP: 13/32 MP: 0/12
  2844 | D:3      | Reached skill level 5 in Conjurations
  2882 | D:3      | You are sucked into a shaft and drop 2 floors!
  2882 | D:5      | Entered Level 5 of the Dungeon
  3184 | D:3      | Found a blossoming altar of Fedhas.
  3203 | D:3      | Noticed a black bear
  3208 | D:3      | Killed a black bear
  3209 | D:3      | Reached XP level 7. HP: 36/36 MP: 7/14
  3550 | D:3      | Found a shimmering blue altar of Sif Muna.
  3562 | D:3      | Became a worshipper of Sif Muna the Loreminder
  3592 | D:3      | Got Sif Muna's Directory of Talus
  3840 | D:4      | Reached skill level 7 in Air Magic
  4062 | D:4      | Found a snail-covered altar of Cheibriados.
  4364 | D:4      | Reached skill level 1 in Invocations
  4510 | D:4      | Killed from afar by an orc wizard

Illustrated notes

Levels and vault maps discovered:
D:1:      minmay_arrival_four_houses, layout_loops_ring,
          nicolae_ecumenical_snake_handling, amcnicky_mini_corridor_feature
D:2:      layout_loops_ring, basic_altar, uniq_terence, uniq_crazy_yiuf_cottage,
          uniq_robin
D:3:      layout_loops_ring, led_sif_book, mainiacjoe_overflow_alcove_2,
          uniq_grinder
D:4:      layout_gridville, slow_altar_1
D:5:      layout_basic, glass_columns_c, guppyfry_shop_venom

Skill      XL: |  1  2  3  4  5  6  7 |
---------------+----------------------+-----
Conjurations   | 2 3 4 5 |  5.9
Air Magic      | 5 6 7 |  7.2
Spellcasting   | 3 4 |  4.5
Invocations    | 1 |  1.1
Dodging        | |  2.1
Stealth        | |  2.0

Action                     |  1- 3 |  4- 6 |  7- 9 || total
---------------------------+-------+-------+-------++-------
  Melee: Dagger            |     2 |    14 |       ||    16
         Kick              |     1 |     3 |       ||     4
         Peck              |       |     3 |       ||     3
         Whip              |       |       |     2 ||     2
   Cast: Shock             |    61 |    77 |    64 ||   202
         Static Discharge  |       |     5 |     2 ||     7
 Armour: Robe              |     2 |     1 |       ||     3
  Dodge: Dodged            |     6 |    11 |     2 ||    19
